 Dungeon Crawl Stone Soup version 0.28.0-53-g5a82cb258f (webtiles) character file.

Game seed: 12604670565673725531

40 Plasmagod the Shield-Bearer (level 3, -2/33 HPs)
             Began as a Minotaur Fighter on July 14, 2022.
             Killed from afar by Robin (6 damage)
             ... with a puff of flame
             ... on level 2 of the Dungeon.
             The game lasted 00:01:46 (664 turns).

Plasmagod the Shield-Bearer (Minotaur Fighter)       Turns: 664, Time: 00:01:47

Health: -2/33      AC:  7    Str: 20    XL:     3   Next: 30%
Magic:  2/2        EV:  9    Int:  5    God:
Gold:   38         SH:  4    Dex: 11    Spells: 2/2 levels left

rFire   . . .      SeeInvis .   a - +0 war axe
rCold   . . .      Faith    .   c - +0 buckler
rNeg    + . .      Spirit   .   b - +0 scale mail
rPois   .          Reflect  .   (helmet restricted)
rElec   .          Harm     .   (no cloak)
rCorr   .          Rampage  .   (no gloves)
Will    .....                   (no boots)
Stlth   ..........              (no amulet)
HPRegen 0.11/turn               e - ring of positive energy
MPRegen 0.08/turn               (no ring)

@: no status effects
A: horns 2, retaliatory headbutt
a: no special abilities


You were on level 2 of the Dungeon.
You visited 1 branch of the dungeon, and saw 2 of its levels.

You collected 38 gold pieces.

Inventory:

Hand Weapons
 a - a +0 war axe (weapon)
Armour
 b - a +0 scale mail (worn)
 c - a +0 buckler (worn)
Jewellery
 e - a ring of positive energy (left hand)
Scrolls
 f - a scroll of teleportation {unknown}
 g - a scroll of identify {unknown}
Potions
 d - a potion of might


   Skills:
 + Level 4.0 Fighting
 + Level 3.2 Axes
 + Level 4.0 Armour
 + Level 0.1 Dodging
 + Level 4.1 Shields


You had 2 spell levels left.
You didn't know any spells.
Your spell library was empty.

Dungeon Overview and Level Annotations

Branches:
Dungeon (2/15)

Altars:

Annotations:
D:2 Robin


Innate Abilities, Weirdness & Mutations

You have a pair of horns on your head.
You reflexively headbutt those who attack you in melee.


Message History

Robin roars a battlecry!
The goblins go into a battle-frenzy!
The goblin hits you with a +0 club.
You hear a shout!
You slash the goblin!
You kill the goblin!
The goblin closely misses you.
You closely miss the goblin. Robin throws the goblin at you!
The goblin completely misses you.
You barely miss the goblin. Your headbutt misses the goblin.
The goblin hits you but does no damage.
Robin hits you from afar with a +0 spear.
Robin hits you but does no damage. The goblin barely misses you.
You barely miss the goblin. You headbutt the goblin.
You kill the goblin!
You block Robin's attack. Robin hits you but does no damage.
A goblin comes into view. It is wielding a +0 dagger.
Things that are here:
a +0 club; a hobgoblin corpse The goblin shouts!
You slash Robin!
Robin is heavily wounded.
You hear a shout!
Robin zaps a wand.
The puff of flame hits you!
You barely miss Robin.
Robin is heavily wounded.
Robin throws the goblin at you! The goblin hits you but does no damage.
Robin zaps a wand.
The puff of flame hits you. The goblin closely misses you.
You barely miss Robin. Your headbutt misses Robin.
Robin is heavily wounded.
You hit the goblin.
You kill the goblin!
Robin hits you but does no damage.
You closely miss Robin. Your headbutt misses Robin.
Robin is heavily wounded.
Robin zaps a wand.
The puff of flame hits you!
* * * LOW HITPOINT WARNING * * *
Robin zaps a wand.
The puff of flame hits you.
You die...

...
#.#
#.#
#.#
#.#
#<#
#)#
#)#
#@#
#g#
#.#
..#
###


You could see Robin.

Vanquished Creatures
  A dart slug (D:1)
  5 endoplasms (D:1)
  A giant cockroach (D:1)
  6 goblins
  3 hobgoblins
  3 jackals (D:1)
  A quokka (D:1)
  2 ball pythons (D:1)
  4 bats (D:1)
  2 frilled lizards (D:1)
  6 kobolds (D:1)
  3 rats (D:1)
37 creatures vanquished.

Notes
Turn   | Place    | Note
-------+----------+-------------------------------------------
     0 | D:1      | Plasmagod the Minotaur Fighter began the quest for the Orb.
     0 | D:1      | Reached XP level 1. HP: 19/19 MP: 0/0
    61 | D:1      | Reached XP level 2. HP: 27/27 MP: 1/1
   523 | D:1      | Reached XP level 3. HP: 31/33 MP: 2/2
   654 | D:2      | Noticed Robin
   664 | D:2      | Killed from afar by Robin

Illustrated notes

Levels and vault maps discovered:
D:1:      wander_arrival_fairy_ring, layout_basic, minivault_23
D:2:      layout_loops_ring, serial_shops, nicolae_shop_stone,
          shapermc_ecumenical_altar_totnotflames, kennysheep_nub, uniq_natasha,
          uniq_robin, uniq_crazy_yiuf_cottage

Skill      XL: |  1  2  3 |
---------------+----------+-----
Shields        | 4 |  4.1
Armour         | 4 |  4.0
Axes           | 3 |  3.2
Fighting       | 4 |  4.0
Dodging        | |  0.1

Action                   || total
-------------------------++-------
Melee: War axe           ||    71
       Headbutt          ||     7
Armor: Scale mail        ||    51
Dodge: Dodged            ||    36
Block: Buckler           ||    17
